 Dungeon Crawl Stone Soup version 0.27-a0-988-g25969acef8 (webtiles) character file.

Game seed: 5303844535529580161

14 tardwrangler69 the Chiller (level 2, 0/20 HPs)
             Began as a Draconian Ice Elementalist on Apr 15, 2021.
             Frozen to death by an endoplasm (5 damage)
             ... on level 1 of the Dungeon.
             The game lasted 00:00:46 (1116 turns).

tardwrangler69 the Chiller (DrIE)                   Turns: 1116, Time: 00:00:47

Health: 0/20       AC:  4    Str: 10    XL:     2   Next: 31%
Magic:  4/5        EV: 12    Int: 15    God:
Gold:   38         SH:  0    Dex: 11    Spells: 4/5 levels left

rFire    . . .     SeeInvis .   b - +0 hand axe
rCold    . . .     Faith    .   (no shield)
rNeg     . . .     Spirit   .   (armour unavailable)
rPois    .         Reflect  .   (helmet restricted)
rElec    .         Harm     .   (no cloak)
rCorr    .         Rampage  .   (no gloves)
Will     .....                  (no boots)
Stlth    ++........             (no amulet)
HPRegen  0.06/turn              (no ring)
MPRegen  0.09/turn              (no ring)

@: lethally poisoned (0 -> -2)
A: AC +4, unfitting armour, cold-blooded
a: no special abilities


You were on level 1 of the Dungeon.
You visited 1 branch of the dungeon, and saw 2 of its levels.

You collected 38 gold pieces.

Inventory:

Hand Weapons
 b - a +0 hand axe (weapon)
Scrolls
 c - a scroll of holy word {unknown}
 d - a scroll of identify {unknown}
Potions
 a - a potion of haste {unknown}
 e - a potion of curing {unknown}


   Skills:
 - Level 1.7 Dodging
 - Level 1.7 Stealth
 + Level 2.2 Spellcasting
 * Level 4.4 Ice Magic


You had 4 spell levels left.
You knew the following spells:

 Your Spells              Type           Power      Damage    Failure   Level
a - Freeze                Ice            60%        1d8       3%          1

Your spell library contained the following spells:

 Spells                   Type           Power      Damage    Failure   Level
 Frozen Ramparts          Ice            30%        1d5       11%         3
 Ozocubu's Armour         Ice            15%        N/A       11%         3
 Hailstorm                Conj/Ice       8%         3d4       65%         4
 Metabolic Englaciation   Hex/Ice        4%         N/A       94%         5


Dungeon Overview and Level Annotations

Branches:
Dungeon (2/15)

Altars:


Innate Abilities, Weirdness & Mutations

Your plain brown scales are hard. (AC +4)
You cannot fit into any form of body armour.
You are cold-blooded and may be slowed by cold attacks.


Message History

There is a large open door here.
There is an open door here.
There is a stone staircase leading down here.
You climb downwards.
A ball python, an adder, a jackal and an endoplasm come into view.
The endoplasm quivers.
The ball python hisses angrily.
Found a stone staircase leading down.
There is a stone staircase leading up here.
Unknown command.
Unknown command.
The jackal barks!
The adder hisses angrily.
A jackal comes into view. x2
You barely miss the ball python.
The ball python bites you but does no damage.
The ball python grabs you. The ball python constricts you.
The ball python bites you but does no damage.
The ball python constricts you.
You barely miss the ball python. The ball python bites you.
The ball python constricts you. The adder bites you.
You are poisoned.
The adder poisons you!
You escape the ball python's grasp.
You feel sick. The adder bites you but does no damage.
The endoplasm freezes you.
You are frozen.
The ball python bites you. The ball python barely misses you.
The jackal closely misses you.
You climb upwards.
You feel sick.
There is a stone staircase leading down here.
Casting: Freeze (safe; 3% risk of failure)
Confirm with . or Enter, or press ? or * to list all spells.
Aiming: Freeze (safe; 3% risk of failure)
Press: ? - help, Shift-Dir - straight line, f - ball python
Aim: a ball python You freeze the ball python.
You kill the ball python!
You feel sick. The adder closely misses you. The endoplasm freezes you.
You are frozen.
You die...

...........##.#........######.#
#############.#..........# #.#
#............# #.#
##...........####.#
#.........#......# #####
#...#######'###..# #...######
##..# #......##..###
###........####†.###......##.....
...........'....@J........##.####
.##........#####S######..###.#
.##........#..........#..# #.#
.##........#........#.#..# #.#
.##........#.....[..+....# #.#
.##........#........###.## #.####
.###########........'...# #.....
.###########........##### ###''#
...........'........# ###≈≈..≈


You could see an adder and an endoplasm.

Vanquished Creatures
  A dart slug (D:1)
  4 ball pythons (D:1)
  2 bats (D:1)
  A giant cockroach (D:1)
  2 jackals (D:1)
  A rat (D:1)
11 creatures vanquished.

Notes
Turn   | Place    | Note
-------+----------+-------------------------------------------
     0 | D:1      | tardwrangler69 the Draconian Ice Elementalist began the
                  | quest for the Orb.
     0 | D:1      | Reached XP level 1. HP: 14/14 MP: 3/3
   442 | D:1      | Reached XP level 2. HP: 20/20 MP: 5/5
   665 | D:1      | Found a faded altar of an unknown god.
  1116 | D:1      | Frozen to death by an endoplasm

Illustrated notes

Levels and vault maps discovered:
D:1:      lightli_molten_gateway, layout_basic,
          shapermc_ecumenical_altar_totnotflames
D:2:      layout_loops_ring, grunt_ministairs_10, uniq_natasha, uniq_terence,
          uniq_jessica

Action                   || total
-------------------------++-------
Melee: Hand axe          ||    26
       Unarmed           ||    13
       Tailslap          ||     2
 Cast: Freeze            ||     1
 Stab: Sleeping          ||     3
Armor: Skin              ||    21
Dodge: Dodged            ||    35

Table legend: (Time is in decaauts)
 A = Elapsed time spent in this place.
 B = Non-inter-level travel time spent in this place.
 C = Inter-level travel time spent in this place.
 D = Time resting spent in this place.
 E = Time spent auto-exploring this place.
 F = Levels seen in this place.
 G = Mean time per level.
                   A        B        C        D        E       F      G
               +--------+--------+--------+--------+--------+-----+--------+
         Total |   1123 |   1094 |     29 |      0 |    990 |   2 |  561.5 |
       Dungeon |   1123 |   1094 |     29 |      0 |    990 |   2 |  561.5 |
               +--------+--------+--------+--------+--------+-----+--------+

Top non-repeatable levels by time:
     D:1: 1117 daAuts
     D:2: 6 daAuts
